azog, lawful male orcish Barbarian ----- ...| ---------..-- |.....".|...-- -. |...%...|....---... |..@@&A.-.....-.`.@... |.......|....---....... |.......|...-- -...``. ---------..-- --`-- ...| |.`%------- ----- |..`......| -------./.- |....- ---.. . azog the Slayer Experience level: 22 Strength: 25 Dexterity: 18 Constitution: 18 Intelligence: 12 Wisdom: 16 Charisma: 11 Health: 312(344) Energy: 51(51) Def: 34 Gold: 0 Moves: 57732 Dungeon seed: IzbkNTLLFz9y_-wy Game ID: azog_1540904891 Your Inventory: Weapons d - 6 blessed +0 elven daggers (in quiver) s - a blessed +6 katana (wielded in other hand) t - the rustproof +7 Fire Brand (weapon in hand) Armor e - a blessed fireproof +4 cloak of magic resistance (being worn) n - a blessed fireproof +4 pair of speed boots (being worn) q - a blessed +4 silver dragon scale mail (being worn) r - a cursed -1 helm of opposite alignment (being worn) x - a blessed fireproof +5 T-shirt (being worn) A - a blessed rustproof +5 pair of gauntlets of power (being worn) Y - a blessed greased burnt fireproof +6 elven leather helm Comestibles j - 4 uncursed lumps of royal jelly B - an uncursed lizard corpse Scrolls m - an uncursed scroll of scare monster D - 3 uncursed scrolls of create monster Potions O - 2 blessed diluted potions of full healing Q - an uncursed potion of full healing U - 2 potions of holy water Rings k - an uncursed ring of slow digestion (on right hand) o - an uncursed ring of free action (on left hand) K - an uncursed ring of sustain ability R - an uncursed ring of conflict Wands g - a wand of striking (0:2) v - a wand of death (0:6) M - a wand of wishing (1:0) X - a wand of death (0:2) Tools i - an uncursed stethoscope E - an uncursed skeleton key G - an uncursed towel I - a blessed +0 unicorn horn J - a blessed oil lamp (lit) (0:1429) Z - an uncursed magic whistle Gems N - the blessed Heart of Ahriman Spells and supernatural/magical abilities: Name Level Category Fail Memory h - healing 1* healing 100% 0% n - detect monsters 1* divination 100% 0% x - extra healing 3* healing 100% 0% H - haste self 3* escape 100% 0% R - restore ability 4* healing 100% 0% W - pray for help -- divine ? -- Your skills at the end: Fighting Skills bare handed combat [Basic] two weapon combat [Basic] Weapon Skills dagger [Basic] axe [Expert] pick-axe [Basic] short sword [Basic] broadsword [Skilled] long sword [Skilled] saber [Basic] Spellcasting Skills Final Attributes: You were fervently aligned. You were fire resistant. You were cold resistant. You were sleep resistant. You were disintegration-resistant. You were shock resistant. You were poison resistant. You were magic-protected. You saw invisible. You were telepathic. You had infravision. You were invisible to others. You were stealthy. You were levitating, at will. You had slower digestion. You were protected. You were very fast. You had reflection. You had free action. You were wielding two weapons at once. You were extremely lucky. You had extra luck. Good luck did not time out for you. You survived. Vanquished creatures: Orcus Yeenoghu Juiblex The Wizard of Yendor (4 times) Famine a high priest 3 mastodons Medusa Croesus 11 krakens an Archon 2 iron golems a master lich 3 storm giants 2 titans 2 balrogs Thoth Amon 11 purple worms a gray dragon 8 silver dragons 5 red dragons 5 white dragons an orange dragon 5 black dragons 4 blue dragons 3 green dragons a yellow dragon 25 minotaurs 6 jabberwocks 5 baluchitheria 8 Angels 3 demiliches Vlad the Impaler 7 stone golems 2 master mind flayers an Olog-hai a Nazgul 12 pit fiends a sandestin 4 hell hounds 6 titanotheres 6 trappers a baby gray dragon a baby orange dragon a baby yellow dragon 30 vampire lords 6 shades 5 skeletons 18 aligned priests 5 captains 5 liches a clay golem 4 nurses 5 ice devils 3 nalfeshnees 6 lurkers above 3 Aleaxes a frost giant 4 ettins 2 golden nagas 3 black puddings 24 vampires 39 ghosts 8 lieutenants a watch captain a barbarian 2 queen bees 4 winged gargoyles 4 mind flayers 8 giant mimics 5 zruties 11 fire giants 7 ogre kings 5 ice trolls 47 rock trolls 11 umber hulks 6 flesh golems 5 Elvenkings 6 doppelgangers 12 hezrous 3 bone devils 9 large mimics 8 fire vortices 14 long worms 3 couatls 13 stalkers 7 air elementals 4 fire elementals 9 earth elementals 13 hill giants 7 giant mummies 4 black nagas 4 xorns 17 giant zombies 8 elf-lords 27 sergeants 3 water demons 7 barbed devils 22 vrocks 3 salamanders 12 wargs 3 winter wolves 4 hell hound pups 15 small mimics 3 glass piercers 5 warhorses 7 steam vortices 10 xans 7 ettin mummies 5 ogre lords 12 quantum mechanics 24 trolls 3 sasquatches 4 wood golems an erinys 3 mariliths 4 sharks 9 electric eels 9 gelatinous cubes 6 pyrolisks a large dog 3 freezing spheres 11 flaming spheres 6 shocking spheres 5 large cats 9 tigers 8 gargoyles 2 dwarf kings 5 tengu 7 ochre jellies 10 leocrottas 4 energy vortices 4 mountain centaurs 12 stone giants 4 elf mummies 4 human mummies 2 red nagas a green slime 7 pit vipers 2 pythons 3 cobras 47 wraiths 6 carnivorous apes 15 ettin zombies 2 leather golems 9 Grey-elves 120 soldiers 4 watchmen 5 horned devils 7 succubi 3 incubi 11 chameleons 4 crocodiles 10 giant beetles 8 quivering blobs 59 cockatrices 8 wolves 5 winter wolf cubs 2 lynxes 2 panthers 6 gremlins 2 spotted jellies 72 leprechauns 6 orc-captains 3 iron piercers 4 mumakil 11 giant spiders 10 scorpions 8 horses an ice vortex 6 black lights 12 vampire bats 8 forest centaurs 9 gnome kings 3 orc mummies 8 dwarf mummies 84 ogres a brown pudding 10 rust monsters 11 owlbears 16 yetis 4 gold golems 4 werewolves 14 Green-elves 5 piranhas 16 giant eels 11 lizards a chieftain 9 chickatrices 3 dogs 4 dingos 2 housecats 7 jaguars 4 dwarf lords 7 blue jellies 5 white unicorns 11 dust vortices 4 ravens 5 plains centaurs 10 gnome mummies 7 snakes 10 water moccasins 13 apes 23 human zombies a rope golem 20 Woodland-elves 20 soldier ants 9 fire ants 21 bugbears an imp 9 quasits 8 wood nymphs 8 water nymphs 8 mountain nymphs 18 Mordor orcs 37 Uruk-hai an orc shaman 12 rock piercers 7 rock moles a pony 7 fog clouds 19 yellow lights 4 shriekers 5 violet fungi 31 gnome lords 12 gnomish wizards 5 kobold mummies a black naga hatchling 2 golden naga hatchlings a guardian naga hatchling 3 gray oozes a barrow wight 11 elf zombies 14 ghouls 2 straw golems 2 paper golems 4 jellyfish 26 giant ants 2 little dogs 16 floating eyes 2 kittens 30 dwarves 2 homunculi 6 kobold lords 3 kobold shamans 21 hill orcs 25 rothes 5 rabid rats 4 centipedes 7 giant bats 10 monkeys 22 orc zombies 26 dwarf zombies 3 wererats 2 werejackals 9 iguanas 69 killer bees 6 acid blobs 5 coyotes 3 gas spores 14 hobbits 32 manes 3 large kobolds 18 hobgoblins 12 giant rats 12 cave spiders 2 brown molds 6 yellow molds 3 green molds 2 red molds 79 gnomes 17 garter snakes 22 gnome zombies 13 geckos 13 jackals 4 foxes 7 kobolds 10 goblins 16 sewer rats 13 grid bugs 6 bats 15 lichens 24 kobold zombies 12 newts 2681 creatures vanquished. Genocided or extinct species: liches demiliches master liches arch-liches ogres (extinct) rust monsters disenchanters soldiers (extinct) jellyfish piranhas sharks giant eels electric eels krakens 12 species genocided. 2 species extinct. Voluntary challenges: You used a wielded weapon 4395 times, starting on turn 41. You read items or engraved 209 times, starting on turn 1267. You genocided 12 types of monsters, starting on turn 45291. You polymorphed 60 items, starting on turn 23945. You never changed form. You used 7 wishes, starting on turn 45043. You did not wish for any artifacts. You split 3 puddings, starting on turn 28077. You wrote Elbereth's name 11 times, starting on turn 3119. You violated your moral code, losing 1546 points of alignment, starting on turn 646. Dungeon overview: The Dungeons of Doom: levels 1 to 29 Level 1 some fountains stairs to The Elemental Planes Level 2 some fountains Level 3 a general store, an altar to Set, some fountains Level 4 a general store, an altar to Set stairs to The Gnomish Mines Level 5 Level 6 a fountain Level 7 a fountain Level 8 stairs to Sokoban Level 9 Level 10 Level 11 a temple to Mitra Level 12 portal to Fort Ludios Level 13 (quest) a temple to Set portal to The Quest Level 14 Level 15 Level 16 Level 17 Level 18 Level 19 a temple to Set Level 20 Level 21 Level 22 Level 23 some fountains Level 24 a sink Level 25 a fountain Level 26 a fountain Level 27 Level 28 Level 29 a throne Gehennom: levels 30 to 49 Level 30 a temple to Moloch stairs to The Dungeons of Doom Level 31 Level 32 Level 33 Level 34 Level 35 Level 36 (0 level teleport) Level 37 Level 38 Level 39 Level 40 Level 41 stairs to Vlad's Tower Level 42 Level 43 portal to Gehennom Level 44 some shops, an altar to Moloch Level 45 Level 46 Level 47 portal to Gehennom Level 48 Level 49 The Gnomish Mines: levels 5 to 12 Level 5 stairs to The Dungeons of Doom Level 6 Level 7 Level 8 some shops, a temple to Set, some fountains, a sink Level 9 Level 10 Level 11 Level 12 The Quest: levels 1 to 6 Level 1 portal to The Dungeons of Doom Level 2 Level 3 Level 4 Level 5 Level 6 an altar to Mitra Sokoban: levels 4 to 7 Level 4 Level 5 Level 6 Level 7 stairs to The Dungeons of Doom Fort Ludios: Level 1 portal to The Dungeons of Doom Vlad's Tower: levels 38 to 40 Level 38 Level 39 Level 40 stairs to Gehennom The Elemental Planes: Astral Plane <- You were here a high altar Plane 4 portal to The Elemental Planes Plane 3 portal to The Elemental Planes Plane 2 portal to The Elemental Planes Plane 1 portal to The Elemental Planes History has recorded: On T:1 you entered the Dungeons of Doom to retrieve the Amulet of Yendor! On T:347 you reached level 2 of The Dungeons of Doom. On T:547 you reached level 3 of The Dungeons of Doom. On T:586 you advanced to experience level 2. On T:907 you reached level 4 of The Dungeons of Doom. On T:925 you advanced to experience level 3. On T:1383 you advanced to experience level 4. On T:1449 you reached level 5 of The Dungeons of Doom. On T:1483 you reached level 6 of The Dungeons of Doom. On T:1712 you reached level 7 of The Dungeons of Doom. On T:2039 you advanced to experience level 5. On T:2630 you advanced to experience level 6. On T:2964 you reached level 1 of The Gnomish Mines. On T:3305 you reached level 2 of The Gnomish Mines. On T:3425 you received Cleaver from Set. On T:3841 you advanced to experience level 7. On T:4484 you reached level 8 of The Dungeons of Doom. On T:4784 you reached level 4 of Sokoban. On T:5070 you reached level 3 of Sokoban. On T:5834 you advanced to experience level 8. On T:5856 you reached level 2 of Sokoban. On T:6243 you reached level 1 of Sokoban. On T:7694 you reached level 9 of The Dungeons of Doom. On T:8836 you reached level 3 of The Gnomish Mines. On T:8961 you advanced to experience level 9. On T:9311 you reached level 4 of The Gnomish Mines. On T:10149 you reached level 5 of The Gnomish Mines. On T:10808 you reached level 6 of The Gnomish Mines. On T:11361 you reached level 7 of The Gnomish Mines. On T:11438 you advanced to experience level 10. On T:13150 you reached level 8 of The Gnomish Mines. On T:15613 you killed Juiblex on level 4 of The Dungeons of Doom. On T:16257 you reached level 10 of The Dungeons of Doom. On T:16856 you reached level 11 of The Dungeons of Doom. On T:17062 you reached level 12 of The Dungeons of Doom. On T:17381 you reached level 13 of The Dungeons of Doom. On T:17702 you reached level 14 of The Dungeons of Doom. On T:18457 you advanced to experience level 11. On T:19708 you reached level 15 of The Dungeons of Doom. On T:19860 you reached level 16 of The Dungeons of Doom. On T:20006 you reached level 17 of The Dungeons of Doom. On T:22366 you reached level 18 of The Dungeons of Doom. On T:22712 you reached level 19 of The Dungeons of Doom. On T:22951 you reached level 20 of The Dungeons of Doom. On T:23380 you reached level 1 of The Quest. On T:24511 you advanced to experience level 12. On T:24934 you advanced to experience level 13. On T:25316 you reached level 21 of The Dungeons of Doom. On T:25463 you reached level 22 of The Dungeons of Doom. On T:25772 you reached level 23 of The Dungeons of Doom. On T:25798 you reached level 24 of The Dungeons of Doom. On T:26078 you reached level 25 of The Dungeons of Doom. On T:26272 you reached level 26 of The Dungeons of Doom. On T:26301 you reached level 27 of The Dungeons of Doom. On T:26704 you advanced to experience level 14. On T:28425 you embarked upon an epic quest. On T:28462 you reached level 2 of The Quest. On T:28801 you reached level 3 of The Quest. On T:29218 you reached level 4 of The Quest. On T:29599 you reached level 5 of The Quest. On T:29815 you reached level 6 of The Quest. On T:30148 you killed Thoth Amon on level 6 of The Quest. On T:30545 you advanced to experience level 15. On T:33770 you received Fire Brand from Set. On T:36297 you reached Fort Ludios. On T:36507 you advanced to experience level 16. On T:36713 you advanced to experience level 17. On T:36861 you killed Croesus in Fort Ludios. On T:38472 you received Stormbringer from Set. On T:39726 you advanced to experience level 18. On T:39727 you advanced to experience level 19. On T:39743 you advanced to experience level 20. On T:41118 you reached level 28 of The Dungeons of Doom. On T:41337 you reached The Castle. On T:41448 you killed Medusa on level 28 of The Dungeons of Doom. On T:43133 you reached The Valley of the Dead. On T:43447 you advanced to experience level 21. On T:44648 you killed Yeenoghu in The Valley of the Dead. On T:45043 you wished for "magic marker". On T:45177 you wished for "magic marker". On T:45271 you wished for "magic marker". On T:45289 you wished for "blessed magic marker". On T:45715 you reached level 2 of Gehennom. On T:46460 you reached level 3 of Gehennom. On T:46641 you reached level 5 of Gehennom. On T:46658 you reached level 4 of Gehennom. On T:47566 you reached level 6 of Gehennom. On T:47892 you reached level 7 of Gehennom. On T:48193 you reached level 8 of Gehennom. On T:48633 you reached level 9 of Gehennom. On T:49205 you reached level 10 of Gehennom. On T:49496 you reached level 11 of Gehennom. On T:49506 you reached level 12 of Gehennom. On T:50609 you reached level 3 of Vlad's Tower. On T:50751 you reached level 2 of Vlad's Tower. On T:50870 you reached level 1 of Vlad's Tower. On T:50914 you killed Vlad the Impaler on level 1 of Vlad's Tower. On T:50999 you wished for "blessed fireproof +3 t-shirt". On T:51821 you reached level 13 of Gehennom. On T:52422 you reached level 14 of Gehennom. On T:52797 you reached level 15 of Gehennom. On T:53378 you reached level 16 of Gehennom. On T:53424 you killed Orcus on level 15 of Gehennom. On T:54508 you reached level 17 of Gehennom. On T:54571 you reached level 18 of Gehennom. On T:54638 you reached level 19 of Gehennom. On T:56045 you killed Wizard of Yendor on level 12 of Gehennom. On T:56065 you performed the invocation. On T:56068 you reached level 20 of Gehennom. On T:56278 you killed high priestess of Moloch on level 20 of Gehennom. On T:56281 you gained the Amulet of Yendor! On T:57139 you killed Wizard of Yendor on level 5 of The Dungeons of Doom. On T:57178 you reached the Plane of Earth. On T:57179 you killed Wizard of Yendor on the Plane of Earth. On T:57330 you advanced to experience level 22. On T:57388 you killed Wizard of Yendor on the Plane of Earth. On T:57501 you reached the Plane of Air. On T:57561 you reached the Plane of Fire. On T:57645 you reached the Plane of Water. On T:57679 you reached the Astral Plane. On T:57680 you wished for "blessed Cockatrice corpse". On T:57685 you killed Famine on the Astral Plane. On T:57720 you wished for "helm of opposite alignment". On T:57732 you lost the Amulet of Yendor. On T:57732 you offered the Amulet of Yendor to Mitra and ascended to the status of Demigod! Score breakdown: Gold: 0 ( 0 points) Experience: 22 levels (25528 points) Exploration: 49 levels (100.00%) (30000 points) Discoveries: 91 items ( 36.99%) (18246 points) Valuables value: 0 ( 0 points) Artifact value: 5500 (12723 points) Variety of kills: 284 monsters ( 74.54%) (25901 points) Turncount: 57732 turns (-4968 points) Survival: ascended (score multiplied by 200%) Total score: 214860 Latest messages: You are now wielding your Fire Brand. You see a door unlock and open. You begin two-weapon combat. You drop a blessed bag of holding. A blessed bag of holding hits the floor. You take off your amulet of life saving. Never mind. You float in the opposite direction. Famine reaches out, and your body shrivels. Famine touches you! You offer the Amulet of Yendor to Mitra... An invisible choir sings, and you are bathed in radiance... The voice of Mitra booms out: "Congratulations, mortal!" "In return for thy service, I grant thee the gift of Immortality!" You ascend to the status of Demigod... Final status: Goodbye azog the Demigod, ascended... You went to your reward with 214860 points, Fire Brand (worth 3000 zorkmids) The Heart of Ahriman (worth 2500 zorkmids) and 0 pieces of gold, after 57732 moves. You were level 22 with a maximum of 344 hit points when you ascended.